Map: Cyber Forest LE

Players

amgine - Winner!

  • Race: Zerg Zerg
  • League: Silver
  • Spawn Location: 11:00

Chris

  • Race: Protoss Protoss
  • League: Diamond
  • Spawn Location: 5:00

VOD

Have the link to the VOD?

Description

Time

  • Played on: June 10, 2019, 4:40 a.m.
  • Length: 10:20
Show
View Real Time Build Order
Export as new Build Order

amgine Zerg - Winner!

Build Orders: Hatch First 

Get SALT Encoding   

  12  0:01  Drone  
  13  0:13  Overlord  
  13  0:17  Drone  
  14  0:31  Drone x2  
  16  0:51  Hatchery  
  16  0:53  Drone  
  16  0:56  Drone  
  17  1:02  Drone  
  18  1:10  Extractor  
  17  1:19  Spawning Pool  
  17  1:22  Drone  
  17  1:25  Drone  
  17  1:29  Drone  
  19  1:40  Overlord  
  19  1:50  Drone  
  20  2:06  Zergling x4  
  20  2:07  Queen  
  20  2:08  Queen  
  26  2:11  Drone  
  26  2:15  Drone  
  28  2:21  Metabolic Boost  
  28  2:26  Drone  
  28  2:29  Drone  
  30  2:33  Drone  
  31  2:46  Hatchery  
  31  2:50  Overlord  
  30  2:52  Drone  
  30  2:57  Drone x2  
  33  2:59  Drone  
  33  3:05  Drone  
  35  3:07  Drone  
  36  3:15  Drone  
  36  3:19  Queen  
  37  3:25  Roach Warren  
  38  3:27  Drone x3  
  38  3:28  Drone  
  42  3:38  Drone  
  42  3:39  Drone  
  44  3:42  Overlord  
  44  3:53  Overlord  
  43  4:03  Drone x4  
  43  4:04  Drone x5  
  43  4:09  Extractor  
  51  4:10  Extractor, Drone x2  
  51  4:11  Evolution Chamber  
  51  4:13  Evolution Chamber  
  51  4:14  Lair  
  51  4:16  Drone x2  
  52  4:22  Drone  
  52  4:23  Queen  
  55  4:25  Drone  
  55  4:28  Overlord  
  56  4:33  Spore Crawler  
  56  4:35  Spore Crawler  
  56  4:37  Spore Crawler  
  53  4:41  Overlord  
  53  4:43  Zerg Missile Weapons Level 1  
  53  4:50  Overlord  
  53  4:57  Zergling x6  
  53  4:58  Roach x2  
  57  5:00  Roach  
  57  5:02  Drone x3  
  56  5:08  Roach  
  56  5:10  Drone x3  
  56  5:11  Drone  
  56  5:13  Drone  
  59  5:14  Drone  
  59  5:20  Drone x2  
  62  5:21  Drone  
  62  5:23  Drone  
  62  5:27  Drone  
  62  5:28  Drone  
  66  5:32  Drone  
  66  5:33  Glial Reconstitution  
  67  5:36  Drone x2  
  69  5:43  Drone  
  70  5:50  Drone  
  70  5:51  Drone  
  72  5:57  Zergling x2  
  72  5:58  Overlord  
  72  5:59  Drone  
  74  6:08  Overlord x3  
  74  6:10  Zerg Ground Armor Level 1  
  78  6:18  Roach x2  
  78  6:19  Overlord  
  78  6:23  Overlord  
  78  6:27  Roach  
  78  6:28  Overlord, Roach x2  
  78  6:29  Roach  
  78  6:32  Roach  
  88  6:35  Roach, Extractor  
  88  6:37  Overlord x2  
  88  6:38  Roach  
  91  6:41  Roach  
  91  6:45  Roach  
  95  6:49  Roach  
  95  6:51  Overlord  
  95  6:52  Roach  
  95  6:53  Roach  
  101  6:58  Roach  
  101  7:00  Roach  
  105  7:03  Roach  
  105  7:06  Roach  
  105  7:07  Extractor  
  108  7:09  Overlord  
  108  7:10  Roach  
  108  7:12  Roach  
  108  7:14  Roach  
  114  7:16  Roach  
  114  7:19  Roach  
  114  7:21  Roach  
  120  7:23  Roach  
  126  7:30  Roach x3  
  126  7:32  Roach  
  126  7:36  Roach  
  132  7:37  Overlord  
  132  7:38  Drone x2  
  132  7:39  Drone x2  
  132  7:40  Roach x2  
  132  7:41  Roach  
  132  7:43  Roach  
  144  7:45  Roach  
  144  7:49  Roach  
  148  7:52  Roach  
  148  7:56  Roach x2  
  148  7:57  Roach  
  148  7:58  Roach  
  158  8:01  Roach x3  
  158  8:03  Roach  
  158  8:05  Overlord x2  
  166  8:06  Roach  
  166  8:07  Roach  
  170  8:13  Overlord x2  
  170  8:21  Overlord  
  170  8:24  Roach x2  
  174  8:32  Roach x4  
  174  8:33  Roach x2  
  186  8:34  Overlord  
  186  8:37  Roach  
  186  8:38  Roach  
  192  8:41  Roach  
  192  8:44  Roach x2  
  196  8:54  Overlord, Roach x2  
  200  8:56  Overlord  
  198  9:04  Roach x2  
  193  9:12  Roach  
  193  9:13  Roach  
  193  9:14  Roach  
  185  9:18  Roach  
  185  9:19  Roach  
  185  9:23  Roach x3  
  185  9:24  Roach  
  181  9:25  Roach x4  
  181  9:29  Roach  
  181  9:30  Roach x2  
  184  9:37  Roach x2  
  180  9:40  Roach  
  180  9:42  Roach  
  160  9:46  Roach  
  160  9:49  Roach  
  146  9:52  Roach  
  146  9:58  Roach  
Show
View Real Time Build Order
Export as new Build Order

Chris Protoss 

Build Orders:  

Get SALT Encoding   

  12  0:00  Probe  
  13  0:13  Probe  
  14  0:23  Pylon  
  14  0:25  Probe  
  15  0:38  Pylon  
  15  0:41  Probe  
  16  0:52  Gateway  
  16  0:53  Probe  
  17  1:02  Assimilator  
  17  1:05  Probe  
  18  1:18  Probe  
  19  1:35  Probe  
  20  1:42  Cybernetics Core  
  20  1:47  Nexus  
  20  1:50  Probe  
  21  2:02  Gateway  
  21  2:05  Probe  
  22  2:13  Assimilator  
  22  2:26  Robotics Facility  
  22  2:33  Adept  
  24  2:37  Shield Battery  
  24  2:41  Probe  
  23  2:49  Adept  
  23  2:50  Probe  
  27  3:00  Probe  
  27  3:02  Warp Gate  
  27  3:03  Probe  
  29  3:10  Stalker  
  31  3:13  Probe  
  31  3:15  Probe  
  31  3:17  Observer  
  34  3:23  Adept  
  36  3:34  Probe  
  37  3:35  Probe, Pylon  
  38  3:46  Adept  
  38  3:47  Probe x2  
  42  4:03  Adept  
  42  4:04  Probe x2  
  46  4:16  Probe x2  
  48  4:24  Immortal  
  48  4:25  Stalker  
  54  4:33  Pylon  
  54  4:41  Twilight Council  
  54  4:51  Probe x2  
  56  5:04  Probe x2  
  56  5:11  Stalker  
  56  5:12  Stalker  
  56  5:13  Immortal  
  62  5:16  Probe x2  
  60  5:25  Robotics Facility  
  60  5:27  Assimilator  
  60  5:28  Probe x2  
  62  5:29  Gateway  
  62  5:39  Charge  
  62  5:42  Pylon  
  62  5:50  Immortal  
  62  6:00  Probe x2  
  62  6:03  Assimilator  
  68  6:12  Observer, Probe x2  
  68  6:17  Pylon  
  70  6:22  Pylon  
  70  6:27  Immortal  
  70  6:28  Warp Prism, Pylon  
  70  6:35  Probe x2  
  78  6:45  Zealot x3  
  84  6:51  Immortal  
  86  6:55  Immortal  
  84  7:03  Templar Archives  
  92  7:16  Stalker  
  92  7:22  Pylon  
  94  7:39  Pylon  
  94  7:40  Immortal x2  
  102  7:54  Nexus, Pylon  
  102  7:58  Robotics Facility, Pylon  
  102  8:18  Immortal x2, Stalker x3  
  116  8:32  Psionic Storm  
  114  8:38  Immortal  
  118  8:48  Assimilator, Immortal x2  
  106  9:23  Stalker x3  
  100  9:30  Probe x2  
  90  9:52  Stalker  
  82  9:53  Stalker  
Tags
 
Add a new tag
Caveats
  • Supply blocks, unpowered buildings, or Contaminate may cause inaccurate times.
  • Supply counts are checked every 10 seconds.